 Dungeon Crawl Stone Soup version 0.26-a0-52-gd53d4cd (webtiles) character file.

Game seed: 10585145685678251961

81 thirtiethelement the Skirmisher (level 4, -1/35 HPs)
             Began as a Demonspawn Abyssal Knight on June 6, 2020.
             Was a Believer of Lugonu.
             Slain by a gnoll
             ... wielding a +0 spear
              (10 damage)
             ... on level 2 of the Dungeon.
             The game lasted 00:03:09 (2171 turns).

thirtiethelement the Skirmisher (DsAK)              Turns: 2171, Time: 00:03:09

Health: -1/35      AC:  3    Str: 14    XL:     4   Next: 19%
Magic:  5/5        EV: 11    Int: 16    God:    Lugonu [**....]
Gold:   105        SH:  4    Dex: 12    Spells: 3/3 levels left

rFire    . . .     SeeInvis .   d - +1 mace "Giantslayer" {venom, rPois Int+3}
rCold    . . .     Gourm    .   (no shield)
rNeg     . . .     Faith    .   b - +0 leather armour
rPois    +         Spirit   .   (no helmet)
rElec    .         Reflect  .   (no cloak)
rCorr    .         Harm     .   (no gloves)
MR       .....                  (no boots)
Stlth    ++........             (no amulet)
HPRegen  0.11/turn              (no ring)
MPRegen  0.09/turn              (no ring)

@: no status effects
A: large bone plates 1, nightstalker 1
a: Depart the Abyss, Bend Space, Renounce Religion


You were on level 2 of the Dungeon.
You worshipped Lugonu.
Lugonu was pleased with you.
You were not hungry.

You visited 1 branch of the dungeon, and saw 2 of its levels.
You visited the Abyss 1 time.

You collected 105 gold pieces.

Inventory:

Hand Weapons
 a - a +2 falchion
 d - the +1 mace "Giantslayer" (weapon) {venom, rPois Int+3}
   (You found it on level 2 of the Abyss)

   It poisons the flesh of those it strikes.
   It affects your intelligence (+3).
   It protects you from poison.
Armour
 b - a +0 leather armour (worn)
Scrolls
 j - a scroll of random uselessness {unknown}
Potions
 e - a potion of lignification {unknown}
 g - a potion of flight {unknown}
 h - a potion of haste {unknown}
 i - a potion of brilliance {unknown}
 k - a potion of resistance {unknown}
Comestibles
 c - 4 rations
 f - 4 chunks of flesh


   Skills:
 + Level 3.4 Fighting
 - Level 1.7 Long Blades
 * Level 2.1 Maces & Flails
 + Level 2.4 Armour
 + Level 1.5 Dodging
 + Level 0.3 Stealth
 + Level 2.4 Invocations


You had 3 spell levels left.
You didn't know any spells.
Your spell library was empty.

Dungeon Overview and Level Annotations

Branches:
Dungeon (2/15)

Altars:


Innate Abilities, Weirdness & Mutations

You are partially covered in large bone plates. (SH +4)
You are slightly more attuned to the shadows.


Message History

You hit the gnoll but do no damage.
The gnoll is poisoned.
The gnoll hits you but does no damage.
You barely miss the gnoll.
The gnoll is moderately wounded.
The gnoll hits you with a +0 flail. The gnoll misses you.
The gnoll hits you with a +0 club.
The gnoll hits you from afar with a +0 spear!
You closely miss the gnoll.
The gnoll is heavily wounded.
The gnoll hits you with a +0 flail. The gnoll closely misses you.
The gnoll hits you from afar with a +0 spear.
* * * LOW HITPOINT WARNING * * *
The gnoll closely misses you.
You are too injured to fight recklessly!
You are too injured to fight recklessly!
You sock the gnoll!
The gnoll is poisoned.
The gnoll is severely wounded.
You block the gnoll's attack.
The gnoll hits you from afar with a +0 spear!
You die...

#############
#gg@........#
#g#########.#
#.
.......####
#g
.####.....#
#. #.###.# #.
#.#...#####
#.
............
##.>.#######
...##


You could see 3 gnolls.

Vanquished Creatures
  2 adders (D:2)
  A worm (D:2)
  2 dart slugs (D:1)
  4 leopard geckos
  2 giant cockroaches (D:1)
  4 goblins
  6 hobgoblins
  7 jackals (D:1)
  3 kobolds
  A quokka (D:2)
  6 bats
  3 frilled lizards
  8 rats
49 creatures vanquished.

Notes
Turn   | Place    | Note
-------+----------+-------------------------------------------
     0 | Abyss:1  | thirtiethelement the Demonspawn Abyssal Knight began the
                  | quest for the Orb.
     0 | Abyss:1  | Reached XP level 1. HP: 18/18 MP: 2/2
    36 | Abyss:1  | Noticed an ancient zyme
    47 | Abyss:1  | Noticed a chaos spawn
    49 | Abyss:1  | Noticed a tentacled starspawn
    63 | Abyss:2  | Got a fine mace
    78 | Abyss:2  | Noticed a small abomination
    80 | D:1      | Escaped the Abyss
    81 | D:1      | Identified the cursed +1 mace "Giantslayer" {venom, rPois
                  | Int+3} (You found it on level 2 of the Abyss)
   251 | D:1      | Reached skill level 1 in Dodging
   254 | D:1      | Gained mutation: You are partially covered in large bone
                  | plates. (SH +4) [demonic ancestry]
   254 | D:1      | Reached XP level 2. HP: 18/24 MP: 3/3
   349 | D:1      | Reached * piety under Lugonu
   590 | D:1      | Reached skill level 1 in Maces & Flails
   689 | D:1      | Gained mutation: You are slightly more attuned to the
                  | shadows. [demonic ancestry]
   689 | D:1      | Reached XP level 3. HP: 29/29 MP: 4/4
  1750 | D:2      | Reached XP level 4. HP: 27/35 MP: 5/5
  1861 | D:2      | Found a faded altar of an unknown god.
  1916 | D:2      | Reached ** piety under Lugonu
  2171 | D:2      | Slain by a gnoll

Illustrated notes

Levels and vault maps discovered:
D:1:      scummos_arrival_simple_fountains, layout_loops_corners
D:2:      wander_river, layout_basic, gammafunk_temple_overflow_elements,
          chequers_ecumenical_altar_island, uniq_sigmund

Skill      XL: |  1  2  3 |
---------------+----------+-----
Dodging        | 1 |  1.5
Armour         | 2 |  2.4
Maces & Flails | 1 2 |  2.1
Fighting       | |  3.4
Long Blades    | |  1.7
Stealth        | |  0.3
Invocations    | |  2.4

Action                   |  1- 3 |  4- 6 || total
-------------------------+-------+-------++-------
Melee: Mace              |   102 |    35 ||   137
Invok: Depart the Abyss  |     1 |       ||     1
  Use: Scroll            |     4 |       ||     4
 Stab: Sleeping          |     3 |     1 ||     4
  Eat: Chunk             |     3 |     1 ||     4
Armor: Leather armour    |    27 |    10 ||    37
Dodge: Dodged            |    59 |    23 ||    82
Block: Other             |    17 |     7 ||    24

Table legend:
 A = Non-vault XP
 B = Vault XP
 C = Vault XP percentage of total XP
 D = Non-vault monster count
 E = Vault monster count
 F = Vault count percentage of total count
                 A         B        C        D         E       F
            +---------+---------+-------+---------+---------+-------
      Total |     116 |       0 |   0.0 |      49 |       0 |   0.0
            +---------+---------+-------+---------+---------+-------
        D:1 |      62 |       0 |   0.0 |      34 |       0 |   0.0
        D:2 |      54 |       0 |   0.0 |      15 |       0 |   0.0
            +---------+---------+-------+---------+---------+-------
